 Dungeon Crawl Stone Soup version 0.17-a0-131-ga9cda9c (webtiles) character file.

329 Tabbe the Sneak (level 6, -3/30 HPs)
             Began as a Spriggan Assassin on Mar 24, 2015.
             Killed from afar by an orc wizard (9 damage)
             ... with a magic dart
             ... on level 4 of the Dungeon.
             The game lasted 00:07:00 (3394 turns).

Tabbe the Sneak (Spriggan Assassin)                 Turns: 3394, Time: 00:07:01

Health: -3/30      AC:  3    Str:  7    XL:     6   Next: 25%
Magic:  12/12      EV: 22    Int: 12    God:
Gold:   72         SH:  0    Dex: 20    Spells: 0 memorised, 5 levels left

rFire  . . .     SeeInvis +     b - +0 blowgun
rCold  . . .     Clarity  .     c - +0 robe
rNeg   . . .     SustAb   .     (shield restricted)
rPois  .         Gourm    .     (helmet restricted)
rElec  .         Spirit   .     d - +0 cloak
rCorr  .         Warding  .     (gloves unavailable)
rMut   .         Stasis   .     (boots unavailable)
MR     +....                    (no amulet)
Stlth  +++++.....               (no ring)
                                s - ring of wizardry

@: very quick, somewhat resistant to hostile enchantments, quite stealthy
A: unfitting armour, see invisible, herbivore 3, speed 3, slow metabolism 2
a: no special abilities


You were on level 4 of the Dungeon.
You were hungry.

You visited 1 branch of the dungeon, and saw 4 of its levels.

You collected 72 gold pieces.

Inventory:

Hand weapons
 a - a +2 dagger
 b - a +0 blowgun (weapon)
Missiles
 e - 29 poisoned needles
 f - a curare-tipped needle (quivered)
Armour
 c - a +0 robe (worn)
 d - a +0 cloak (worn)
Jewellery
 s - a ring of wizardry (left hand)
Scrolls
 h - a scroll of amnesia {unknown}
 j - a scroll of enchant weapon {unknown}
 k - a scroll of fear {unknown}
 l - a scroll of magic mapping {unknown}
 m - 4 scrolls of identify {unknown}
 o - a scroll of noise {unknown}
 q - 4 scrolls of fog {unknown}
 w - 2 scrolls of random uselessness {unknown}
 x - a scroll of enchant armour {unknown}
 y - a scroll of immolation {unknown}
 z - a scroll of teleportation {unknown}
Potions
 i - a potion of agility {unknown}
 n - a potion of curing
 p - a potion of restore abilities {unknown}
 r - a potion of haste {unknown}
 u - a potion of ambrosia {unknown}
 v - a potion of heal wounds {unknown}
Comestibles
 g - 2 bread rations
 t - a slice of pizza


   Skills:
 - Level 1.5 Fighting
 + Level 4.4 Short Blades
 - Level 2.1 Throwing
 * Level 6.0 Dodging
 + Level 7.7 Stealth


You had 5 spell levels left.
You didn't know any spells.

Dungeon Overview and Level Annotations

Branches:
Dungeon (4/15)
 Temple: D:4-7

Altars:
Sif Muna


Innate Abilities, Weirdness & Mutations

You are tiny and cannot use many weapons and most armour.
You have supernaturally acute eyesight.
You are a herbivore.
You cover ground extremely quickly.
You need consume almost no food.


Message History

The orc wizard is severely wounded.
The orc wizard misses you.
The orc wizard gestures at you while chanting.
The magic dart hits you!
* * * LOW HITPOINT WARNING * * *
Unknown command.
Unknown command.
b - a +0 blowgun (weapon)
You are too injured to fight recklessly!
Firing (i - inventory. (,) - cycle):
f - 2 curare-tipped needles (quivered)
Press: ? - help, Shift-Dir - straight line, f - orc wizard
Aim: an orc wizard, wielding a dagger and wearing a robe (severely wounded, fast)
You shoot a curare-tipped needle.
The curare-tipped needle hits the orc wizard.
The orc wizard is poisoned.
The orc wizard convulses.
The orc wizard seems to slow down.
The orc wizard is almost dead.
The orc wizard casts a spell at you. The magic dart hits you!
You die...

#....##########).###.#
#.....### ##.###..
#....... #).....
#.....# # #####..
#...# .# ###
#)####.#### ###
#K#......... #..
#.o.........######.#
###@#..............#
#.#..####.#.######
#.#..# #.#.#
#.#..####.#)#
#.#....#....#
#.#.##..#.#.#####
#.#<##..........#
#.#.###.#.#.###.#
#...†.##....#


You could see an orc wizard and a kobold.

Vanquished Creatures
  3 orc priests
  Crazy Yiuf (D:2)
  A worker ant (D:4)
  4 adders
  3 gnolls (D:4)
  4 worms
  2 giant geckos (D:3)
  13 orcs
  A ball python (D:3)
  5 giant cockroaches
  3 goblins (D:1)
  13 hobgoblins
  3 jackals (D:2)
  6 kobolds
  An ooze (D:3)
  10 bats
  3 giant newts
  A quokka (D:3)
  5 rats
  A fungus (D:2)
83 creatures vanquished.

Notes
Turn   | Place    | Note
--------------------------------------------------------------
     0 | D:1      | Tabbe, the Spriggan Assassin, began the quest for the Orb.
     0 | D:1      | Reached XP level 1. HP: 10/10 MP: 2/2
    90 | D:1      | Reached skill level 6 in Stealth
   199 | D:1      | Reached XP level 2. HP: 14/14 MP: 4/4
   665 | D:2      | Reached XP level 3. HP: 15/18 MP: 6/6
  1234 | D:2      | Noticed Crazy Yiuf
  1240 | D:2      | Killed Crazy Yiuf
  1240 | D:2      | Reached skill level 7 in Stealth
  1240 | D:2      | Reached XP level 4. HP: 22/22 MP: 8/8
  1856 | D:3      | Reached XP level 5. HP: 25/25 MP: 10/10
  2470 | D:3      | Found a deep blue altar of Sif Muna.
  2598 | D:3      | Reached skill level 5 in Dodging
  3154 | D:4      | Reached XP level 6. HP: 22/30 MP: 12/12
  3394 | D:4      | Killed from afar by an orc wizard

Action                   |  1- 3 |  4- 6 || total
-------------------------+-------+-------++-------
Melee: Dagger            |   142 |   145 ||   287
 Fire: Blowgun           |     9 |    22 ||    31
  Use: Potion            |       |     1 ||     1
 Stab: Sleeping          |    14 |    11 ||    25
       Distracted        |       |     1 ||     1
